 Dungeon Crawl Stone Soup version 0.28-b1-1-g3c77fb2ed1 (webtiles) character file.

Game seed: 4208673768755560670

104041 GloriousHammer the Wrestler (level 15, -5/154 HPs)
             Began as a Troll Berserker on Jan 28, 2022.
             Was an Elder of Trog.
             Slain by a ghost moth (14 damage)
             ... on level 2 of the Spider Nest on Jan 29, 2022.
             The game lasted 03:10:39 (21676 turns).

GloriousHammer the Wrestler (Troll Berserker)      Turns: 21676, Time: 03:10:40

Health: -5/154     AC: 17    Str: 30 (31) XL:     15   Next: 90%
Magic:  0/14       EV:  7    Int:  0 (3)  God:    Trog [****..]
Gold:   265        SH: 14    Dex: 11 (13) Spells: 14/14 levels left

rFire   + + +      SeeInvis .     - Unarmed
rCold   x . .      Faith    .   B - +0 kite shield
rNeg    . . .      Spirit   .   v - +3 fire dragon scales
rPois   +          Reflect  +   A - +2 hat
rElec   .          Harm     .   C - +1 cloak {rPois}
rCorr   +          Rampage  .   (gloves unavailable)
Will    +....                   (boots unavailable)
Stlth   ..........              F - amulet "Vizivimo" {Reflect rF++ Slay+2 SH+5}
HPRegen 1.15/turn               m - +4 ring of slaying
MPRegen 0.14/turn               u - ring of resist corrosion

@: on berserk cooldown, slowed, lost intelligence, unable to read, very slow
A: large, unfitting armour, claws 3, regeneration 1, shaggy fur 1, tough skin 1
a: Renounce Religion, Berserk, Trog's Hand, Brothers in Arms


You were on level 2 of the Spider Nest.
You worshipped Trog.
Trog was greatly pleased with you.
You visited 4 branches of the dungeon, and saw 25 of its levels.
You also visited: Sewer.

You collected 2150 gold pieces.
You spent 1885 gold pieces at shops.

Inventory:

Hand Weapons
 b - a +5 flail of freezing
Missiles
 c - 14 poisoned darts
 w - 7 large rocks (quivered)
 G - 2 throwing nets
 O - 10 silver boomerangs
 P - 6 boomerangs of dispersal
 U - 6 atropa-tipped darts
Armour
 v - +3 fire dragon scales (worn)
 A - a +2 hat (worn)
 B - a +0 kite shield (worn)
 C - a +1 cloak of poison resistance (worn)
Jewellery
 j - a ring of willpower
 l - the amulet of Faleheent {Faith -Tele Rampage rPois rN+}
   (You found it on level 2 of the Lair of Beasts)

   [amulet of faith]

   It allows you to gain divine favour quickly.
   rPois:     It protects you from poison.
   rN:        It protects you from negative energy.
   -Tele:     It prevents most forms of teleportation.
   Rampage:   It bestows one free step when moving towards enemies.
 m - a +4 ring of slaying (left claw)
 n - a +4 ring of protection
 q - an amulet of regeneration
 u - a ring of resist corrosion (right claw)
 F - the amulet "Vizivimo" (around neck) {Reflect rF++ Slay+2 SH+5}
   (You found it in a sewer)

   [amulet of reflection]

   It reflects blocked missile attacks.
   Slay:      It affects your accuracy & damage with ranged weapons and melee
   (+2).
   rF:        It greatly protects you from fire.
   SH:        It affects your SH (+5).
 Q - a ring of protection from cold
 X - the ring "Qehyoz" {rF+ MP+9 Slay+2}
   (You found it on level 12 of the Dungeon)

   [ring of magical power]

   Slay:      It affects your accuracy & damage with ranged weapons and melee
   (+2).
   rF:        It protects you from fire.
   MP:        It affects your magic capacity (+9).
Wands
 a - a wand of charming (8)
 r - a wand of polymorph (38)
 D - a wand of flame (2)
 E - a wand of acid (8)
 K - a wand of mindburst (18)
 N - a wand of digging (2)
 Y - a wand of paralysis (8)
 Z - a wand of iceblast (32)
Scrolls
 d - 7 scrolls of teleportation
 g - 3 scrolls of magic mapping
 k - 4 scrolls of fear
 t - 2 scrolls of immolation
 z - 3 scrolls of enchant weapon
 H - 8 scrolls of fog
 I - 5 scrolls of vulnerability
 S - a scroll of silence {unknown}
 T - 4 scrolls of torment
 W - 3 scrolls of brand weapon
Potions
 e - 2 potions of heal wounds
 f - 5 potions of flight
 h - 3 potions of lignification
 o - a potion of cancellation {unknown}
 p - 5 potions of resistance
 s - a potion of haste {unknown}
 x - 2 potions of ambrosia {unknown}
 J - 7 potions of curing
 L - 5 potions of attraction
 M - a potion of invisibility {unknown}
 V - 3 potions of mutation
Miscellaneous
 R - a tin of tremorstones (2/2)


   Skills:
 * Level 11.2 Fighting
 - Level 0.5 Maces & Flails
 + Level 8.7 Throwing
 - Level 2.4 Dodging
 - Level 0.1 Stealth
 + Level 7.9 Shields
 * Level 21.2 Unarmed Combat
 - Level 5.0 Evocations


You had 14 spell levels left.
You didn't know any spells.
Your spell library was empty.

Dungeon Overview and Level Annotations

Branches:
Dungeon (15/15)            Temple (0/1) D:6            Lair (6/6) D:11
 Shoals (0/4) Lair:3       Spider (2/4) Lair:2          Orc (2/2) D:11
    Elf (0/3) Orc:2        Vaults (0/5) D:14         Depths (0/4) D:15
  Sewer (visited)
  Slime: Lair:5-6

Altars:
Cheibriados
Beogh

Shops:
D:10 (   D:15 **   Orc:1 [   Orc:2 [[[([

Annotations:
D:8 2 transporters
Lair:1 exclusion: oklob plant


Innate Abilities, Weirdness & Mutations

You are too large for most types of armour.
You have claws for hands.
Your natural rate of healing is unusually fast.
You are covered in fur. (AC +1)
You have tough skin. (AC +1)


Message History

There is a strange disturbance nearby!
You barely miss something. You block something's attack.
Something hits you but does no damage.
Something stings you but does no damage.
You feel you are being watched by something.
You feel your power leaking away. Something hits you! Something hits you.
Something stings you.
You eviscerate something!!! Something hits you but does no damage.
Something hits you!
* * * LOW HITPOINT WARNING * * *
You feel dopey.
You have lost your intelligence.
Something stings you but does no damage.
Something hits you but does no damage. x2
Something stings you but does no damage.
Something hits you!
* * * LOW HITPOINT WARNING * * *
Something hits you but does no damage. Something stings you.
* * * LOW HITPOINT WARNING * * *
You can move again.
You feel better.
You feel you are being watched by something.
You feel your power leaking away. You block something's attack.
Something hits you but does no damage. Something stings you!
* * * LOW HITPOINT WARNING * * *
Something hits you!
* * * LOW HITPOINT WARNING * * *
Something hits you.
* * * LOW HITPOINT WARNING * * *
Something stings you but does no damage.
You fail to use your ability.
You feel you are being watched by something.
Something hits you.
* * * LOW HITPOINT WARNING * * *
Something hits you but does no damage. Something stings you!
* * * LOW HITPOINT WARNING * * *
You feel weakened.
You feel you are being watched by something.
Something hits you!
You die...

#<=.###[..#.##
##)..#.^.
##.†††#...#..##
######().^.s#
#...<.##.....#.
##.○..).##°○##
...##.†.##.^# ..
#hEh††.## ..≈
#.....#...:## ..
#○##..## #
####..#..[##
#^###†...#
###...###.#
#≈#.†.^###
#...#..##.#
###.#.†##○.....
#≈..####..###...@{##
##..#.
#≈#≈≈..#.<..##.....#
.# ##
###......#....#.# ..
#....##.....#.#≈# ^
#≈..#.#[.#...###.#
#≈#.######...#...#
##### #..#..#..#
.....#.....#
###.#.#...#.#


There were no monsters in sight!

Vanquished Creatures
  Saint Roka (Orc:2)
  A fire giant (D:15)
  An emperor scorpion (Spider:1)
  2 broodmothers
  Azrael (Spider:2)
  2 entropy weavers
  A spark wasp (Spider:1)
  An ettin (Orc:2)
  Erolcha (Orc:1)
  4 boulder beetles
  8 hydras
  7 two-headed ogres
  A jorogumo (Spider:1)
  A centaur warrior (D:14)
  3 death yaks (Lair:5)
  The ghost of Melum the Transmogrifier, a novice DrTm of Wu Jian (D:9)
  An orc high priest (Orc:2)
  2 fire crabs (Lair:2)
  A fire crab (shapeshifter) (D:14)
  2 pharaoh ants (Spider:1)
  3 sun moths (Spider:1)
  A steelbarb worm (Spider:1)
  2 orb spiders
  Pikel (D:4)
  A lindwurm (Lair:5)
  2 orc knights
  4 deep elf pyromancers
  An orc sorcerer (Orc:2)
  10 wolf spiders
  A cyclops (D:15)
  4 manticores
  10 elephants
  A merfolk siren (Lair:3)
  An elephant (shapeshifter) (D:14)
  A moth of wrath (Spider:1)
  2 black mambas
  3 cane toads
  A torpor snail (Lair:4)
  A gargoyle (D:12)
  11 rime drakes
  Psyche (D:11)
  A komodo dragon (shapeshifter) (D:15)
  An efreet (D:14)
  6 demonic crawlers
  8 komodo dragons
  A hornet (D:9)
  5 trolls
  2 polar bears
  6 meliai
  A blink frog (shapeshifter) (D:15)
  14 slime creatures
  10 tarantellas
  Grinder (D:6)
  13 blink frogs
  12 jumping spiders
  13 culicivoras
  The ghost of DemonSlayer the Conjurer, an amateur DECj (D:4)
  A wraith (D:12)
  5 basilisks
  50 yaks
  A fire bat (Lair:2)
  6 fire elementals
  A water elemental (D:14)
  6 wyverns
  3 vampires
  A human (shapeshifter) (D:14)
  8 steam dragons
  2 vampire mosquitoes (D:11)
  A redback (shapeshifter) (D:14)
  24 redbacks
  Menkaure (D:4)
  4 wargs
  Edmund (D:6)
  2 acid dragons
  4 hell hounds (Spider:2)
  Duvessa (D:4)
  9 water moccasins
  A hornet zombie (D:8)
  28 orc warriors
  A sky beast (shapeshifter) (D:15)
  2 sky beasts
  2 black bears
  7 ogres
  A necrophage (D:5)
  4 centaurs
  4 wolves (Lair:3)
  4 phantoms
  2 lemures (D:4)
  A kobold brigand (D:4)
  12 bullfrogs
  A gnoll sergeant (D:9)
  A wyvern zombie (D:7)
  2 scorpions
  Dowan (D:4)
  2 wights (D:8)
  3 electric eels
  3 centaur zombies
  6 howler monkeys
  3 quasits (D:4)
  16 orc priests
  Crazy Yiuf (D:4)
  4 hounds
  Terence (D:2)
  23 orc wizards
  2 hell rats (Lair:1)
  2 killer bee zombies
  A hound skeleton (D:4)
  Robin (D:2)
  5 gnolls (D:9)
  A howler monkey skeleton (D:6)
  12 adders
  9 river rats
  2 shadow imps
  3 white imps
  An ufetubus (D:6)
  An adder skeleton (D:4)
  A worm (D:4)
  7 dart slugs
  84 orcs
  14 ball pythons
  11 endoplasms
  14 giant cockroaches
  10 goblins
  7 hobgoblins
  11 quokkas
  10 frilled lizards
  4 kobolds
  3 rats
682 creatures vanquished.

Vanquished Creatures (collateral kills)
  An entropy weaver (Spider:1)
  5 hydras
  A centaur warrior (D:15)
  An orc high priest (Orc:2)
  An orc sorcerer (Orc:2)
  A cyclops (D:15)
  A cane toad (Lair:4)
  3 rime drakes (Lair:5)
  3 wyverns
  A basilisk (Lair:3)
  A yak (Lair:3)
  7 steam dragons (Lair:5)
  A redback (Spider:1)
  A water moccasin (Lair:5)
  An orc warrior (Orc:2)
  A centaur (D:8)
  A bullfrog (Lair:4)
  2 wights (D:8)
  An orc wizard (D:8)
  A howler monkey zombie (D:10)
  7 orcs
42 creatures vanquished.

Vanquished Creatures (others)
  An orc warrior (Orc:1)
  An orc (D:8)
  15 fungi
  19 plants
36 creatures vanquished.

Grand Total: 760 creatures vanquished

Notes
Turn   | Place    | Note
-------+----------+-------------------------------------------
     0 | D:1      | GloriousHammer the Troll Berserker began the quest for the
                  | Orb.
     0 | D:1      | Reached XP level 1. HP: 22/22 MP: 0/0
    98 | D:1      | Found a faded altar of an unknown god.
   119 | D:1      | Reached XP level 2. HP: 28/29 MP: 1/1
   263 | D:1      | Reached skill level 4 in Unarmed Combat
   551 | D:2      | Noticed Robin
   560 | D:2      | Reached XP level 3. HP: 30/36 MP: 2/2
   567 | D:2      | Killed Robin
   691 | D:2      | Reached ** piety under Trog
   695 | D:2      | Noticed a phantom
   704 | D:2      | Killed a phantom
   705 | D:2      | Reached skill level 5 in Unarmed Combat
   705 | D:2      | Reached XP level 4. HP: 42/44 MP: 3/3
   746 | D:2      | Reached XP level 5. HP: 47/50 MP: 4/4
   853 | D:2      | Noticed Terence
   860 | D:2      | Killed Terence
   882 | D:2      | Reached skill level 6 in Unarmed Combat
  1717 | D:4      | Reached XP level 6. HP: 55/59 MP: 5/5
  1771 | D:4      | Noticed Duvessa
  1777 | D:4      | Noticed Dowan
  1780 | D:4      | Killed Duvessa
  1781 | D:4      | Reached skill level 7 in Unarmed Combat
  1824 | D:4      | Killed Dowan
  1867 | D:4      | Noticed Menkaure
  1876 | D:4      | Killed Menkaure
  1877 | D:4      | Reached skill level 8 in Unarmed Combat
  1877 | D:4      | Reached XP level 7. HP: 26/66 MP: 6/6
  2121 | D:4      | Reached skill level 9 in Unarmed Combat
  2139 | D:4      | Noticed a yak
  2139 | D:4      | Noticed a yak
  2139 | D:4      | Noticed a yak
  2139 | D:4      | Noticed a yak
  2139 | D:4      | Noticed a yak
  2141 | D:4      | Killed a yak
  2154 | D:4      | Noticed a yak
  2163 | D:4      | Killed a yak
  2164 | D:4      | Reached XP level 8. HP: 67/74 MP: 7/7
  2169 | D:4      | Reached skill level 10 in Unarmed Combat
  2177 | D:4      | Reached skill level 11 in Unarmed Combat
  2285 | D:4      | Found a transporter.
  2286 | D:4      | Noticed DemonSlayer's ghost (amateur DECj)
  2348 | D:4      | Noticed Pikel
  2353 | D:4      | Found a transporter.
  2424 | D:4      | Killed Pikel
  2425 | D:4      | Reached skill level 12 in Unarmed Combat
  2425 | D:4      | Reached XP level 9. HP: 80/80 MP: 8/8
  2675 | D:4      | Killed DemonSlayer's ghost
  2675 | D:4      | Reached *** piety under Trog
  2676 | D:4      | Reached skill level 13 in Unarmed Combat
  2857 | D:4      | Found a runed translucent door.
  2858 | D:4      | Noticed Crazy Yiuf
  2865 | D:4      | Killed Crazy Yiuf
  2908 | D:5      | Entered Level 5 of the Dungeon
  3025 | D:5      | Found a glowing drain.
  3040 | Sewer    | Entered a sewer
  3173 | Sewer    | Reached **** piety under Trog
  3249 | Sewer    | Identified the amulet "Vizivimo" {Reflect rF++ Slay+2 SH+5}
  3663 | D:5      | Noticed a two-headed ogre
  3688 | D:5      | Killed a two-headed ogre
  3689 | D:5      | Reached skill level 1 in Throwing
  3689 | D:5      | Reached skill level 14 in Unarmed Combat
  3689 | D:5      | Reached XP level 10. HP: 32/88 MP: 9/9
  4208 | D:6      | Noticed Edmund
  4214 | D:6      | Killed Edmund
  4298 | D:6      | Found a snail-covered altar of Cheibriados.
  4349 | D:6      | Noticed Grinder
  4356 | D:6      | Killed Grinder
  4441 | D:6      | Reached skill level 15 in Unarmed Combat
  4566 | D:6      | Found the +7 staff of the Meek {protect, meekguard}
  4887 | D:6      | Found a staircase to the Ecumenical Temple.
  5733 | D:8      | Found a transporter.
  5744 | D:8      | Found a transporter.
  6256 | D:9      | Found a runed translucent door.
  6256 | D:9      | Noticed Melum's ghost (novice DrTm)
  6276 | D:9      | Noticed a boulder beetle
  6291 | D:9      | Killed a boulder beetle
  6292 | D:9      | Reached skill level 1 in Shields
  6292 | D:9      | Reached skill level 16 in Unarmed Combat
  6316 | D:9      | Reached skill level 1 in Evocations
  6405 | D:9      | Killed Melum's ghost
  6406 | D:9      | Reached XP level 11. HP: 94/94 MP: 10/10
  7281 | D:10     | Entered Level 10 of the Dungeon
  7289 | D:10     | Found Sautz's Antique Weapon Shop.
  7333 | D:10     | Noticed a four-headed hydra
  7349 | D:10     | Killed a four-headed hydra
  7350 | D:10     | Reached skill level 17 in Unarmed Combat
  7536 | D:10     | Noticed a two-headed ogre
  7559 | D:10     | Killed a two-headed ogre
  7759 | D:10     | Noticed a two-headed ogre
  7767 | D:10     | Killed a two-headed ogre
  7860 | D:10     | Noticed a two-headed ogre
  7863 | D:10     | Killed a two-headed ogre
  7923 | D:11     | Found a staircase to the Orcish Mines.
  7985 | D:11     | Noticed a deep elf pyromancer
  7991 | D:11     | Killed a deep elf pyromancer
  8119 | D:11     | Noticed Psyche
  8183 | D:11     | Killed Psyche
  8299 | D:11     | Found a staircase to the Lair.
  8339 | D:11     | Noticed a boulder beetle
  8348 | D:11     | Killed a boulder beetle
  8349 | D:11     | Reached XP level 12. HP: 78/107 MP: 11/11
  8551 | D:11     | Noticed a two-headed ogre
  8556 | D:11     | Killed a two-headed ogre
  8557 | D:11     | Reached skill level 18 in Unarmed Combat
  8847 | Lair:1   | Entered Level 1 of the Lair of Beasts
  8861 | Lair:1   | Reached ***** piety under Trog
  9721 | Lair:2   | Found a transporter.
  9784 | Lair:2   | Found a transporter.
  9811 | Lair:2   | Reached skill level 5 in Fighting
  9861 | Lair:2   | Identified the amulet of Faleheent {Faith -Tele Rampage
                  | rPois rN+}
 10160 | Lair:2   | Found a hole to the Spider Nest.
 10442 | Lair:2   | Identified the +1 scale mail "Gunuj" {Harm rC+ Dex+2}
 10820 | Lair:3   | Found a staircase to the Shoals.
 10853 | Lair:3   | Noticed a four-headed hydra
 10867 | Lair:3   | Killed a four-headed hydra
 10895 | Lair:3   | Reached XP level 13. HP: 87/120 MP: 12/12
 11193 | Lair:3   | Reached skill level 5 in Throwing
 11689 | Lair:4   | Reached skill level 19 in Unarmed Combat
 11932 | Lair:4   | Reached skill level 5 in Shields
 12303 | Lair:4   | Reached skill level 5 in Evocations
 13545 | Lair:5   | Identified the +2 robe of Giargho {rPois rF- Str+2}
 13552 | Lair:5   | Identified the +6 short sword of Giwaf {pain, Str+4}
 13621 | Lair:5   | Reached XP level 14. HP: 79/136 MP: 13/13
 14080 | Lair:6   | Entered Level 6 of the Lair of Beasts
 14666 | Orc:1    | Entered Level 1 of the Orcish Mines
 14706 | Orc:1    | Noticed Erolcha
 14761 | Orc:1    | Found Eshre's Armour Shop.
 14842 | Orc:1    | Killed Erolcha
 15133 | Orc:2    | Entered Level 2 of the Orcish Mines
 15133 | Orc:2    | Found Fyabbystra's Antique Armour Boutique.
 15133 | Orc:2    | Found a staircase to the Elven Halls.
 15529 | Orc:2    | Paralysed by an orc sorcerer for 7 turns
 15532 | Orc:2    | HP: 2/132 [orc sorcerer/bolt of negative energy[Saint Roka]
                  | (21)]
 15658 | Orc:2    | Noticed Saint Roka
 15681 | Orc:2    | Killed Saint Roka
 15693 | Orc:2    | Found Qucirim's Antique Armour Boutique.
 15696 | Orc:2    | Found Ireqeis's Antique Weapon Shop.
 15727 | Orc:2    | Bought a glowing giant spiked club for 166 gold pieces
 15821 | Orc:2    | Found Ziossyfu's Armour Emporium.
 15928 | Orc:2    | Reached skill level 20 in Unarmed Combat
 15950 | Orc:2    | Found Fygaocub's Armour Emporium.
 16532 | Orc:2    | Bought runed fire dragon scales for 1260 gold pieces
 17325 | D:12     | Identified the ring "Qehyoz" {rF+ MP+9 Slay+2}
 18432 | D:14     | Found a gate to the Vaults.
 18557 | D:14     | Reached XP level 15. HP: 148/149 MP: 14/14
 19023 | D:15     | Entered Level 15 of the Dungeon
 19041 | D:15     | Found Fuegaega's Overcharged Wands.
 19089 | D:15     | Bought a wand of polymorph (25) for 459 gold pieces
 19168 | D:15     | Found Ucotam's Assorted Antiques.
 19219 | D:15     | Noticed a fire giant
 19247 | D:15     | Reached skill level 10 in Fighting
 19249 | D:15     | Killed a fire giant
 19327 | D:15     | Found a staircase to the Depths.
 20003 | Spider:1 | Entered Level 1 of the Spider Nest
 20748 | Spider:1 | Received a gift from Trog
 20842 | Spider:1 | Reached skill level 21 in Unarmed Combat
 20922 | Spider:1 | Noticed an emperor scorpion
 20924 | Spider:1 | Killed an emperor scorpion
 21587 | Spider:2 | Noticed Azrael
 21609 | Spider:2 | Killed Azrael
 21672 | Spider:2 | Lost intelligence.
 21676 | Spider:2 | Slain by a ghost moth

Illustrated notes

Levels and vault maps discovered:
D:1:      shiori_shiawase, layout_rooms, hellmonk_ecumenical_altar_zigzags
D:2:      layout_basic, minivault_14, uniq_terence, uniq_robin
D:3:      layout_basic, minmay_misc_feat_alley, kennysheep_minor_cross,
          minmay_curled_crystal
D:4:      layout_basic, gammafunk_ghost_stat_death, nrook_mini_backslash,
          uniq_crazy_yiuf_cottage, uniq_menkaure, uniq_pikel, uniq_duvessa
D:5:      layout_basic, portal_sewer_entry_b, kennysheep_cluttered_room
D:6:      layout_loops_ring, kennysheep_slug_shrine,
          minmay_temple_entry_nine_rooms, pf_guarded_unrand_meek, uniq_grinder,
          uniq_edmund
D:7:      layout_basic
D:8:      gammafunk_steamed_eel, layout_cave_pools
D:9:      layout_basic, hellmonk_ghost_happy_afterlife, patterned_corridor
D:10:     layout_rooms, serial_shops, nicolae_shop_advertising_works
          [nicolae_subvault_shop_adworks], hangedman_decor_lopped,
          grunt_ministairs_11
D:11:     layout_loops_ring, erik_lair_orcish_takeover, orc_0_dummy, uniq_psyche
D:12:     layout_long_grid, hangedman_abyss_or_decor_stagger, dk_noncrumbling_2
D:13:     layout_rooms
D:14:     layout_basic, david_vaults_2, chequers_big_river
D:15:     grunt_enter_depths_giant_problem, layout_rooms,
          chequers_serial_rivers_micro_d, serial_shops,
          nicolae_shop_window_shopping, nicolae_shop_overcharged_wands
Lair:1:   layout_gridlike, serial_bayou_lagoon_a, kennysheep_rathole
Lair:2:   gammafunk_cloud_chamber, layout_cellular_growth,
          nicolae_spider_entry_tight_spaces, infiniplex_staircase_pool_2,
          lemuel_fruit_tree, serial_bayou_shore_b
Lair:3:   layout_gridlike, minmay_shoals_entry_lonely_mermaid
Lair:4:   layout_layer_cave, beast_lair_carwin_11
Lair:5:   layout_regular_city, bobbens_dragon_lair_wall
Lair:6:   evilmike_catoblepas_cave, layout_gridlike, slime_dummy,
          grunt_megastairs_5
Spider:1: nicolae_spider_hilbert_zone_4 [nicolae_spider_hilbert_4_sides_2_open,
          nicolae_spider_hilbert_4_sides_1_open,
          nicolae_spider_hilbert_4_sides_1_open,
          nicolae_spider_hilbert_4_sides_1_open,
          nicolae_spider_hilbert_4_sides_1_open,
          nicolae_spider_hilbert_2_sides_1_open,
          nicolae_spider_hilbert_2_sides_1_open,
          nicolae_spider_hilbert_2_sides_1_open,
          nicolae_spider_hilbert_2_sides_1_open,
          nicolae_spider_hilbert_6_sides_1_open,
          nicolae_spider_hilbert_6_sides_1_open,
          nicolae_spider_hilbert_3_sides_1_open,
          nicolae_spider_hilbert_3_sides_1_open]
Spider:2: layout_spider_delve, worms_lemuel, uniq_agnes, uniq_azrael
Orc:1:    layout_caves, serial_shops, nicolae_shop_stone, uniq_erolcha
Orc:2:    grunt_orc_community_town_hall, layout_caves,
          grunt_orc_community_big_house_2, grunt_orc_community_big_house_1,
          grunt_orc_community_house_2, grunt_orc_community_house_3,
          grunt_orc_community_house_2, grunt_orc_community_house_2,
          serial_shops, shop

Skill      XL: |  1  2  3  4  5  6  7  8  9 10 11 12 13 14 15 |
---------------+----------------------------------------------+-----
Unarmed Combat | 4 5 6 8 9 12 14 16 17 18 19 20 21 | 21.2
Throwing       | 1 3 4 6 7 8 |  8.7
Shields        | 1 2 4 5 6 7 |  7.9
Evocations     | 1 3 4 5 |  5.0
Fighting       | 3 6 8 9 11 | 11.2
Maces & Flails | |  0.5
Dodging        | |  2.4
Stealth        | |  0.1

Action                   |  1- 3 |  4- 6 |  7- 9 | 10-12 | 13-15 || total
-------------------------+-------+-------+-------+-------+-------++-------
Melee: Unarmed           |    65 |    63 |   183 |   432 |   805 ||  1548
       Punch             |     1 |       |    17 |    45 |    66 ||   129
       Flail             |       |       |       |    11 |   125 ||   136
Throw: Dart              |       |     2 |     3 |    16 |       ||    21
       Javelin           |       |       |       |    25 |    33 ||    58
       Boomerang         |       |       |       |       |    15 ||    15
       Large rock        |       |       |       |       |    33 ||    33
Invok: Berserk           |     1 |     1 |     3 |     4 |    10 ||    19
       Trog's Hand       |       |     2 |     3 |     6 |    13 ||    24
       Brothers in Arms  |       |       |       |     4 |    14 ||    18
Evoke: Wand              |       |       |       |       |     2 ||     2
  Use: Scroll            |       |     4 |       |     9 |    17 ||    30
       Potion            |       |       |       |       |     5 ||     5
 Stab: Sleeping          |       |       |     2 |     1 |       ||     3
       Distracted        |       |       |       |       |     2 ||     2
Armor: Animal skin       |    19 |    14 |    46 |     4 |       ||    83
       Steam dragon scal |       |       |       |    93 |   173 ||   266
       Fire dragon scale |       |       |       |       |   238 ||   238
Dodge: Dodged            |    21 |    21 |    86 |   142 |   322 ||   592
Block: Other             |       |       |     1 |    63 |   110 ||   174
       Reflection        |       |       |       |     1 |    19 ||    20
       Kite shield       |       |       |       |       |   374 ||   374
